Map: Frozen Temple

Players

MiƙeƴMauŞ - Winner!

  • Race: Protoss Protoss
  • League: Master

Miszu

  • Race: Terran Terran
  • League: Grandmaster

VOD

Have the link to the VOD?

Description

Time

  • Played on: May 16, 2016, 4:12 p.m.
  • Length: 3:57
Show
View Real Time Build Order
Export as new Build Order

MiƙeƴMauŞ Protoss - Winner!

Build Orders: 1 Gate Expand, Oracle Opening 

Get SALT Encoding   

  12  0:01  Probe (Chrono Boost)  
  13  0:11  Probe (Chrono Boost)  
  14  0:18  Pylon  
  14  0:22  Probe (Chrono Boost)  
  15  0:36  Probe (Chrono Boost)  
  15  0:37  Gateway  
  15  0:42  Assimilator  
  16  0:47  Probe (Chrono Boost)  
  17  0:57  Probe (Chrono Boost)  
  18  1:08  Probe (Chrono Boost)  
  19  1:20  Nexus  
  19  1:22  Probe (Chrono Boost)  
  20  1:31  Cybernetics Core  
  20  1:35  Probe (Chrono Boost)  
  21  1:41  Assimilator  
  21  1:45  Probe (Chrono Boost)  
  22  1:51  Pylon  
  22  1:56  Probe (Chrono Boost)  
  23  2:09  Adept (Chrono Boost), Probe  
  23  2:13  Stargate  
  26  2:21  Probe  
  27  2:31  Probe  
  27  2:33  Adept (Chrono Boost), Probe  
  31  2:40  Pylon  
  31  2:42  Probe (Chrono Boost)  
  32  2:45  Probe (Chrono Boost)  
  33  2:53  Probe (Chrono Boost)  
  33  2:56  Probe (Chrono Boost)  
  35  2:59  Oracle (Chrono Boost)  
  35  3:04  Adept  
  35  3:05  Probe  
  41  3:15  Probe x2  
  43  3:21  Pylon  
  43  3:26  Probe  
  43  3:27  Probe  
  48  3:37  Probe  
  48  3:39  Probe  
  50  3:54  Gateway x2  
  52  3:57  Pylon  
Show
View Real Time Build Order
Export as new Build Order

Miszu Terran 

Build Orders:  

Get SALT Encoding   

  12  0:02  SCV  
  13  0:14  SCV  
  14  0:18  Supply Depot  
  14  0:26  SCV  
  15  0:39  SCV  
  16  0:43  Barracks  
  16  0:46  Refinery  
  16  0:51  SCV  
  17  1:07  SCV  
  18  1:30  Command Center  
  18  1:31  Marine  
  19  1:37  Orbital Command  
  19  1:48  Supply Depot, Marine  
  20  2:01  Barracks  
  20  2:02  SCV  
  20  2:07  Barracks  
  20  2:08  Marine  
  22  2:16  SCV  
  23  2:24  Refinery  
  23  2:26  Marine  
  23  2:27  Refinery  
  25  2:30  SCV  
  25  2:42  SCV  
  25  2:43  Marine  
  28  2:45  Orbital Command  
  28  2:48  Marine  
  28  2:54  SCV  
  28  2:56  Barracks Tech Lab  
  29  3:01  Marine  
  30  3:06  SCV  
  30  3:08  Marine  
  30  3:10  SCV  
  33  3:14  Marine  
  33  3:18  SCV  
  35  3:23  Supply Depot, SCV  
  36  3:27  Marine x2  
  36  3:30  SCV  
  36  3:32  Marine  
  40  3:35  SCV  
  44  3:56  Factory  
Tags
 
Add a new tag
Caveats
  • Supply blocks, unpowered buildings, or Contaminate may cause inaccurate times.
  • Supply counts are checked every 10 seconds.